 Dungeon Crawl Stone Soup version 0.20.1-1-g8b1a95d (webtiles) character file.

15609 vomix the Severer (level 12, -5/112 HPs)
             Began as a Minotaur Berserker on Aug 26, 2017.
             Was an Elder of Trog.
             Slain by a redback (7 damage)
             ... on level 3 of the Lair of Beasts.
             The game lasted 00:21:05 (13597 turns).

vomix the Severer (Minotaur Berserker)             Turns: 13597, Time: 00:21:06

Health: -5/112     AC: 15    Str: 23    XL:     12   Next: 2%
Magic:  0/20       EV:  9    Int:  4    God:    Trog [****..]
Gold:   801        SH:  0    Dex: 14    Spells: 11/11 levels left

rFire    . . .     SeeInvis .   a - +0 war axe
rCold    . . .     Gourm    .   (no shield)
rNeg     . . .     Faith    .   l - +0 plate armour
rPois    .         Spirit   +   (helmet restricted)
rElec    .         Reflect  .   A - scarf {Spirit}
rCorr    .         Harm     .   J - +2 pair of gloves
MR       .....                  (no boots)
Stlth    ..........             (no amulet)
Regen    0.3/turn               q - ring of magical power
MPRegen  0.2/turn               (no ring)

@: lethally poisoned (-5 -> -72), berserk cooldown, slowed, very slow
A: retaliatory headbutt, horns 2
a: Berserk, Trog's Hand, Brothers in Arms, Burn Spellbooks, Renounce Religion


You were on level 3 of the Lair of Beasts.
You worshipped Trog.
Trog was greatly pleased with you.
You were not hungry.

You visited 3 branches of the dungeon, and saw 15 of its levels.

You collected 801 gold pieces.

Inventory:

Hand Weapons
 a - a +0 war axe (weapon)
Missiles
 p - 4 tomahawks of returning (quivered)
Armour
 l - a +0 plate armour (worn)
 A - a scarf of spirit shield (worn)
 J - a +2 pair of gloves (worn)
Jewellery
 q - a ring of magical power (left hand)
Wands
 m - a wand of polymorph (3/24)
 y - a wand of scattershot (5/9)
 D - a wand of enslavement (14/24)
 E - a wand of iceblast (7/15)
 K - a wand of lightning (12/15)
Scrolls
 b - 2 scrolls of immolation
 f - 6 scrolls of enchant weapon
 h - 5 scrolls of blinking
 i - 2 scrolls of fear
 j - a scroll of magic mapping
 k - 7 scrolls of recharging
 o - 2 scrolls of identify
 r - 12 scrolls of teleportation
 u - 3 scrolls of remove curse
 x - a scroll of summoning {unknown}
 z - 2 scrolls of random uselessness {unknown}
 L - a scroll of enchant armour {unknown}
Potions
 d - a potion of resistance
 e - a potion of ambrosia {unknown}
 g - 7 potions of curing
 n - 5 potions of heal wounds
 s - 6 potions of agility
 v - 3 potions of mutation
 w - a potion of haste {unknown}
 B - 4 potions of berserk rage {unknown}
 C - 2 potions of might {unknown}
 F - a potion of brilliance {unknown}
 G - 2 potions of magic {unknown}
 H - 2 potions of degeneration {unknown}
 M - a potion of flight {unknown}
Comestibles
 c - 7 bread rations
 t - 9 fruits
 I - 10 royal jellies
 N - 4 chunks of flesh


   Skills:
 - Level 12.0 Fighting
 - Level 18.0 Axes
 + Level 5.4 Armour
 + Level 5.1 Dodging


You had 11 spell levels left.
You didn't know any spells.

Dungeon Overview and Level Annotations

Branches:
Dungeon (11/15)            Temple (1/1) D:7            Lair (3/6) D:10
 Spider (0/4) Lair:3          Orc (0/2) D:10
  Swamp: Lair:2-4    Shoals: Lair:2-4

Altars:
Ashenzari
Cheibriados
Dithmenos
Elyvilon
Fedhas
Gozag
Hepliaklqana
Kikubaaqudgha
Makhleb
Nemelex Xobeh
Okawaru
Qazlal
Ru
Sif Muna
Trog
Uskayaw
Vehumet
Xom
Yredelemnul
Zin
The Shining One

Shops:
D:8 :   D:9 }


Innate Abilities, Weirdness & Mutations

You reflexively headbutt those who attack you in melee.
You have a pair of horns on your head.


Message History

You slash the redback!
Your plate armour prevents you from hitting the spiny frog.
* * * LOW HITPOINT WARNING * * *
You feel very sick. The black mamba bites you.
* * * LOW HITPOINT WARNING * * *
The redback bites you.
* * * LOW HITPOINT WARNING * * *
You are more poisoned.
The redback poisons you!
Your ogre hits the redback but does no damage.
The black mamba barely misses you. You furiously retaliate!
You headbutt the black mamba! The spiny frog barely misses you.
The redback completely misses you. You furiously retaliate!
You headbutt the redback, but do no damage.
* * * LOW HITPOINT WARNING * * *
You feel extremely sick.
The black mamba barely misses your ogre.
Your ogre closely misses the redback.
The redback bites you!
You die...

.# #.###### ....... .##
#.# ..# ....... .P# #.##
>..# ....... ..###..#
..^.. .....#
.###...##.^.^.# ....P#
........##...^.# ....#
.........##.^^..##F...##
.##.......###...s.S....#
...#........###.@O....##
.........P#...##.......#
...........##..#†.....##
...#.....###P......#..#
...#.....#
######........ +......
#.#...... #.....
#.##..... ..... ..#
..... ### ....


You could see a black mamba, a spiny frog, a redback and a friendly ogre
(berserk).

Vanquished Creatures
  The ghost of ThePrince the Grappler, a novice TrMo (D:9)
  A two-headed ogre (D:10)
  Pikel (D:5)
  An ugly thing (D:8)
  4 black mambas
  Joseph (D:8)
  A spiny frog (Lair:1)
  A komodo dragon (Lair:2)
  2 trolls (D:10)
  2 hippogriffs
  2 redbacks (Lair:3)
  Sigmund (D:5)
  12 yaks
  Edmund (D:5)
  Duvessa (D:7)
  3 water moccasins
  6 porcupines
  A slave (D:5)
  2 phantoms
  3 ice beasts
  6 orc warriors
  8 ogres
  2 wolves (Lair:1)
  The ghost of ceb the Ducker, an amateur DsGl (D:3)
  4 centaurs
  2 crocodiles (Lair:1)
  A big kobold (D:7)
  12 bullfrogs
  5 scorpions
  Dowan (D:7)
  3 killer bees (D:9)
  5 wights (D:9)
  6 crimson imps
  A bullfrog zombie (D:5)
  2 centaur zombies
  5 hounds
  A bullfrog skeleton (D:9)
  3 orc priests
  Crazy Yiuf (D:6)
  2 gnoll shamans
  4 jellies
  9 orc wizards
  6 iguanas
  10 worker ants
  A killer bee zombie (D:7)
  2 hound skeletons
  A worker ant zombie (D:8)
  17 gnolls
  8 adders
  5 shadow imps
  6 oozes
  An adder zombie (D:6)
  An adder skeleton (D:4)
  5 dart slugs
  3 worms
  3 leopard geckos
  19 orcs
  11 bats
  11 giant cockroaches
  10 goblins
  11 hobgoblins
  12 jackals
  5 quokkas
  8 frilled lizards
  11 kobolds
  2 leopard gecko skeletons (D:4)
  A quokka skeleton (D:6)
  10 rats
311 creatures vanquished.

Vanquished Creatures (collateral kills)
  A hydra (Lair:1)
  A wolf spider (Lair:3)
  4 yaks (D:9)
  A gnoll sergeant (D:7)
  A killer bee (D:9)
  A hound (D:7)
  An orc wizard (D:7)
  2 gnolls (D:7)
  A hobgoblin (D:7)
13 creatures vanquished.

Vanquished Creatures (others)
  Ijyb (D:5)
  A plant (D:7)
2 creatures vanquished.

Grand Total: 326 creatures vanquished

Notes
Turn   | Place    | Note
-------+----------+-------------------------------------------
     0 | D:1      | vomix the Minotaur Berserker began the quest for the Orb.
     0 | D:1      | Reached XP level 1. HP: 19/19 MP: 0/0
    63 | D:1      | Reached skill level 4 in Axes
   187 | D:1      | Reached XP level 2. HP: 26/26 MP: 1/1
   418 | D:1      | Reached ** piety under Trog
   418 | D:1      | Reached skill level 5 in Axes
   463 | D:1      | Reached XP level 3. HP: 31/31 MP: 2/2
  1049 | D:2      | Found a burning altar of Makhleb.
  1053 | D:2      | Reached skill level 6 in Axes
  1053 | D:2      | Reached XP level 4. HP: 39/39 MP: 3/3
  1425 | D:3      | Noticed ceb's ghost (amateur DsGl)
  1433 | D:3      | Killed ceb's ghost
  1433 | D:3      | Reached skill level 7 in Axes
  1433 | D:3      | Reached XP level 5. HP: 45/45 MP: 4/4
  1626 | D:3      | Reached *** piety under Trog
  1996 | D:4      | Reached skill level 8 in Axes
  2034 | D:4      | Reached XP level 6. HP: 42/51 MP: 5/5
  2295 | D:4      | Reached skill level 9 in Axes
  2305 | D:4      | Reached XP level 7. HP: 57/57 MP: 6/6
  2399 | D:4      | Reached skill level 10 in Axes
  2516 | D:4      | Reached **** piety under Trog
  2521 | D:4      | Reached skill level 11 in Axes
  2979 | D:5      | Entered Level 5 of the Dungeon
  3058 | D:5      | Noticed Pikel
  3070 | D:5      | Killed Pikel
  3070 | D:5      | Reached skill level 12 in Axes
  3070 | D:5      | Reached XP level 8. HP: 64/64 MP: 7/7
  3148 | D:5      | Noticed Sigmund
  3154 | D:5      | Killed Sigmund
  3154 | D:5      | Reached skill level 13 in Axes
  3273 | D:5      | Killed Ijyb
  3405 | D:5      | Noticed Edmund
  3416 | D:5      | Killed Edmund
  3760 | D:5      | Reached XP level 9. HP: 61/70 MP: 8/8
  3971 | D:6      | Reached skill level 14 in Axes
  4795 | D:6      | Found a runed door.
  4800 | D:6      | Noticed Crazy Yiuf
  4807 | D:6      | Killed Crazy Yiuf
  5093 | D:7      | Noticed Dowan
  5094 | D:7      | Noticed Duvessa
  5101 | D:7      | Killed Dowan
  5105 | D:7      | Killed Duvessa
  5137 | D:7      | Received a gift from Trog
  5239 | D:7      | Reached skill level 15 in Axes
  5407 | D:7      | Found a staircase to the Ecumenical Temple.
  5415 | Temple   | Entered the Ecumenical Temple
  5678 | D:7      | Reached skill level 16 in Axes
  5685 | D:7      | Reached ***** piety under Trog
  6435 | D:8      | Noticed a brown ugly thing
  6442 | D:8      | Killed a brown ugly thing
  6442 | D:8      | Reached XP level 10. HP: 77/77 MP: 9/9
  6450 | D:8      | Found Tak Zuu's Book Shoppe.
  6538 | D:8      | Noticed Joseph
  6545 | D:8      | Killed Joseph
  6646 | D:8      | Received a gift from Trog
  6721 | D:8      | Found a bloodstained altar of Trog.
  6958 | D:8      | Reached skill level 17 in Axes
  7251 | D:9      | Noticed ThePrince's ghost (novice TrMo)
  7266 | D:9      | Killed ThePrince's ghost
  7399 | D:9      | Found Fyicraf's Gadget Shoppe.
  7566 | D:9      | Reached skill level 18 in Axes
  8058 | D:9      | Reached skill level 5 in Fighting
  8362 | D:10     | Entered Level 10 of the Dungeon
  8634 | D:10     | Reached XP level 11. HP: 53/92 MP: 10/10
  8833 | D:10     | Noticed a two-headed ogre
  8840 | D:10     | Killed a two-headed ogre
  9120 | D:10     | Found a staircase to the Orcish Mines.
  9624 | D:10     | Found a staircase to the Lair.
 10227 | Lair:1   | Entered Level 1 of the Lair of Beasts
 10251 | Lair:1   | Noticed a five-headed hydra
 10263 | Lair:1   | Killed a ten-headed hydra
 10553 | Lair:1   | Reached skill level 10 in Fighting
 12343 | Lair:2   | Found a glowing silver altar of Zin.
 13582 | Lair:3   | Found a hole to the Spider Nest.
 13582 | Lair:3   | Noticed a wolf spider
 13589 | Lair:3   | Reached skill level 5 in Armour
 13593 | Lair:3   | Killed a wolf spider
 13593 | Lair:3   | Reached skill level 5 in Dodging
 13593 | Lair:3   | Reached XP level 12. HP: 58/112 MP: 11/11
 13597 | Lair:3   | HP: 2/112 [poisoned by a redback]
 13597 | Lair:3   | Slain by a redback

Skill      XL: |  1  2  3  4  5  6  7  8  9 10 11 |
---------------+----------------------------------+-----
Axes           | 4 5 6 7 8 9 12 13 16 18 | 18.0
Fighting       | 7 12 | 12.0
Armour         | 5 |  5.4
Dodging        | 5 |  5.1

Action                   |  1- 3 |  4- 6 |  7- 9 | 10-12 || total
-------------------------+-------+-------+-------+-------++-------
Melee: Hand axe          |    80 |   132 |   143 |       ||   355
       Headbutt          |     9 |    30 |    63 |    80 ||   182
       War axe           |       |       |   168 |   374 ||   542
Invok: Berserk           |       |     2 |    10 |    16 ||    28
       Brothers in Arms  |       |       |     1 |     4 ||     5
       Burn Spellbooks   |       |       |     1 |     1 ||     2
       Trog's Hand       |       |       |       |     1 ||     1
Evoke: Wand              |       |       |       |     2 ||     2
  Use: Scroll            |       |       |    11 |     2 ||    13
       Potion            |       |       |       |     1 ||     1
 Stab: Distracted        |       |       |       |     1 ||     1
  Eat: Chunk             |       |     6 |    14 |    15 ||    35
       Meat ration       |       |       |     2 |     4 ||     6
       Royal jelly       |       |       |     1 |     1 ||     2
       Bread ration      |       |       |     1 |       ||     1
       Fruit             |       |       |     1 |       ||     1
Armor: Animal skin       |     5 |       |       |       ||     5
       Plate armour      |    46 |    93 |   113 |   181 ||   433
Dodge: Dodged            |    28 |    44 |    85 |    91 ||   248
